 Dungeon Crawl Stone Soup version 0.30.0-16-gbe6223bb7e (webtiles) character file.

Game seed: 10941509515389675915

2818 Pooter the Cleaver (level 9, -4/81 HPs)
             Began as a Minotaur Berserker on May 20, 2023.
             Was a Priest of Trog.
             Killed by divine providence
             ... invoked by an orc priest
              (14 damage)
             ... on level 7 of the Dungeon.
             The game lasted 00:23:46 (5042 turns).

Pooter the Cleaver (Minotaur Berserker)             Turns: 5042, Time: 00:23:47

Health: -4/81      AC: 13    Str: 25    XL:     9   Next: 45%
Magic:  8/8        EV: 14    Int:  4    God:    Trog [***...]
Gold:   276        SH:  0    Dex: 11    Spells: 8/8 levels left

rFire   . . .        G - +0 flail (heavy)
rCold   . . .        (no shield)
rNeg    . . .        j - +1 chain mail
rPois   .            (helmet restricted)
rElec   .            x - +1 cloak
rCorr   .            (no gloves)
SInv    .            u - +0 pair of boots
Will    .....        v - amulet of regeneration Stlth
                     F - +5 ring of evasion
HPRegen 1.13/turn    (no ring)
MPRegen 0.11/turn

%: no passive effects
@: on berserk cooldown, slowed, very slow
A: horns 2, retaliatory headbutt
a: Renounce Religion, Berserk, Trog's Hand


You were on level 7 of the Dungeon.
You worshipped Trog.
Trog was most pleased with you.
You visited 1 branch of the dungeon, and saw 7 of its levels.

You collected 276 gold pieces.

Inventory:

Hand Weapons
 a - a +0 war axe
   (You found it on level 3 of the Dungeon)
 b - a +2 heavy sling
   (You found it on level 1 of the Dungeon)
 A - a +0 halberd
   (You took it off a gnoll on level 2 of the Dungeon)
 G - a +0 heavy flail (weapon)
   (You found it on level 5 of the Dungeon)
Missiles
 m - 8 poisoned darts (quivered)
 B - 3 boomerangs
 Q - 54 stones
Armour
 j - a +1 chain mail (worn)
   (You found it on level 1 of the Dungeon)
 u - a +0 pair of boots (worn)
   (You found it on level 1 of the Dungeon)
 x - a +1 cloak (worn)
   (You found it on level 3 of the Dungeon)
Jewellery
 v - an amulet of regeneration (around neck)
   (You found it on level 2 of the Dungeon)
 F - a +5 ring of evasion (left hand)
   (You found it on level 6 of the Dungeon)
Wands
 d - a wand of iceblast (2)
   (You found it on level 2 of the Dungeon)
 q - a wand of charming (9)
   (You found it on level 4 of the Dungeon)
 E - a wand of polymorph (3)
   (You found it on level 5 of the Dungeon)
Scrolls
 f - a scroll of acquirement {unknown}
 k - 2 scrolls of vulnerability {!r}
 o - 3 scrolls of enchant armour
 p - a scroll of silence
 s - a scroll of magic mapping
 t - 2 scrolls of teleportation {@r4}
 w - a scroll of blinking
 D - 2 scrolls of fog
Potions
 c - 3 potions of might {unknown}
 e - a potion of mutation {unknown}
 g - 3 potions of flight {unknown}
 h - 3 potions of curing {@q1}
 l - a potion of haste {unknown}
 n - a potion of attraction {unknown}
 r - 3 potions of degeneration {unknown}
 y - a potion of ambrosia {unknown}
 z - a potion of cancellation {unknown}
 C - a potion of berserk rage {unknown}


   Skills:
 + Level 8.0 Fighting
 * Level 10.6 Axes
 * Level 8.8 Ranged Weapons
 - Level 2.4 Armour
 - Level 2.1 Dodging


You had 8 spell levels left.
You didn't know any spells.
Your spell library was empty.

Dungeon Overview and Level Annotations

Branches:
Dungeon (7/15)             Temple (0/1) D:4

Altars:
Cheibriados
Dithmenos
Gozag
Nemelex Xobeh
Okawaru
Qazlal
Ru
Vehumet
Yredelemnul
The Shining One

Annotations:
D:4 1 runed translucent door, Crazy Yiuf
D:5 5 runed translucent doors


Innate Abilities, Weirdness & Mutations

You have a pair of horns on your head.
You reflexively headbutt those who attack you in melee.


Message History

The orc closely misses you. The sleepcap barely misses you.
You furiously retaliate!
You headbutt the sleepcap!!
You destroy the sleepcap!
Trog accepts your kill.
The electric eel shoots out a bolt of lightning at you!
The bolt of electricity hits you!
* * * LOW HITPOINT WARNING * * *
The bolt of electricity misses you.
The bolt of electricity hits the electric eel.
The electric eel completely resists.
You feel a strong urge to attack something.
You are no longer berserk.
You are exhausted.
You feel yourself slow down.
You barely miss the electric eel. Your headbutt misses the electric eel.
The electric eel shoots out a bolt of lightning at you!
The bolt of electricity misses you. The bolt of electricity hits you!
* * * LOW HITPOINT WARNING * * *
The bolt of electricity hits the electric eel.
The electric eel completely resists.
The orc closely misses you. You furiously retaliate!
You headbutt the orc!
You kill the orc!
Trog accepts your kill.
The electric eel shoots out a bolt of lightning at you!
The bolt of electricity misses you. The bolt of electricity hits you.
* * * LOW HITPOINT WARNING * * *
The bolt of electricity hits the electric eel.
The electric eel completely resists.
The orc priest shouts!
You sock the electric eel! You headbutt the electric eel.
You kill the electric eel!
Trog accepts your kill.
You hear a splash.
You hear a shout!
An orc priest comes into view. It is wielding a +0 dagger.
Your Fighting skill increases to level 8!
Okay, then.
Blink to where?
Splash!
You fall into the shallow water.
Moving in this stuff is going to be slow.
As you read the scroll of blinking, it crumbles to dust.
The orc priest invokes the aid of Beogh against you.
Beogh smites you!
* * * LOW HITPOINT WARNING * * *
The orc priest mumbles some strange prayers to Beogh against you.
Beogh smites you!
* * * LOW HITPOINT WARNING * * *
The orc priest mumbles some strange prayers to Beogh against you.
Beogh smites you!
You die...

## ~~.P~~~ .## ~~.~P~♣#
..### ~~.~~~P# ....##
♣~.~~~♣ ...... #♣♣~.~~♣
.#.## #~♣~.~~♣# .###
#~♣P.~~P## ##.##
#~~@.≈≈~~# ....###
#~♣≈≈.~≈~♣♣ ....#.##
#~♣~P.~~P♣
##..#..######♣♣~Po~~P♣♣
.......#.....#♣♣~.~~~P♣♣♣
...........#..#~~.~~~~~~~
............####~.†~~~~~~
.............#..)o.......
.............oo...~~~~~~≈


You could see an orc priest and an orc.

Vanquished Creatures
  The ghost of AverageBear the Chopper, a novice OpFi (D:5)
  Sigmund (D:2)
  A wyvern (D:7)
  Menkaure (D:6)
  A water moccasin (D:5)
  3 ice beasts
  3 sky beasts
  A black bear (D:6)
  A hornet zombie (D:5)
  A kobold brigand (D:7)
  2 necrophages (D:5)
  2 scorpions
  2 wights (D:5)
  2 electric eels (D:7)
  A bullfrog zombie (D:5)
  A human zombie (D:5)
  3 orc priests
  2 jellies
  2 sleepcaps
  3 iguanas
  2 orc wizards
  A killer bee zombie (D:5)
  3 mummies (D:5)
  15 gnolls
  10 adders
  3 shadow imps (D:6)
  2 white imps (D:6)
  An ufetubus (D:4)
  An adder zombie (D:5)
  3 dart slugs
  8 orcs
  8 bats
  2 endoplasms
  5 goblins
  8 hobgoblins
  2 quokkas
  9 ball pythons
  A frilled lizard (D:3)
  10 kobolds
  3 rats
131 creatures vanquished.

Vanquished Creatures (collateral kills)
  A goblin (D:4)
1 creature vanquished.

Grand Total: 132 creatures vanquished

Notes
Turn   | Place    | Note
-------+----------+-------------------------------------------
     0 | D:1      | Pooter the Minotaur Berserker began the quest for the Orb.
     0 | D:1      | Reached XP level 1. HP: 19/19 MP: 0/0
    31 | D:1      | Reached skill level 4 in Axes
   162 | D:1      | Reached XP level 2. HP: 20/27 MP: 1/1
   649 | D:2      | Reached XP level 3. HP: 33/33 MP: 2/2
   723 | D:2      | Reached skill level 1 in Ranged Weapons
   771 | D:2      | Reached ** piety under Trog
   775 | D:2      | Reached skill level 5 in Axes
   775 | D:2      | Reached XP level 4. HP: 41/41 MP: 3/3
   876 | D:2      | Noticed Sigmund
   889 | D:2      | Killed Sigmund
   890 | D:2      | Reached skill level 6 in Axes
   890 | D:2      | Reached XP level 5. HP: 47/47 MP: 4/4
  1011 | D:2      | Reached XP level 6. HP: 37/55 MP: 5/5
  1014 | D:2      | Reached skill level 5 in Fighting
  1056 | D:2      | Found a faded altar of an unknown god.
  1429 | D:3      | Found an opulent altar of Gozag.
  1491 | D:3      | Found a stormy altar of Qazlal.
  1491 | D:3      | Noticed a sky beast
  1512 | D:3      | Killed a sky beast
  2002 | D:4      | Found a staircase to the Ecumenical Temple.
  2136 | D:4      | Reached XP level 7. HP: 53/61 MP: 6/6
  2206 | D:4      | Reached skill level 7 in Axes
  2460 | D:4      | Found a runed translucent door.
  2461 | D:4      | Noticed Crazy Yiuf
  2633 | D:5      | Entered Level 5 of the Dungeon
  2655 | D:5      | Found a runed translucent door.
  2657 | D:5      | Noticed AverageBear's ghost (novice OpFi)
  2731 | D:5      | Reached skill level 5 in Ranged Weapons
  2797 | D:5      | Found the +9 staff of Olgreb {rPois∞}
  2802 | D:5      | Found a runed translucent door.
  2810 | D:5      | Found a runed translucent gate.
  2810 | D:5      | Found a runed translucent gate.
  2810 | D:5      | Noticed a redback
  2810 | D:5      | Noticed a redback
  2810 | D:5      | Noticed a redback
  2811 | D:5      | Found a runed translucent door.
  2967 | D:5      | Found a runed translucent gate.
  2970 | D:5      | Noticed a redback
  3136 | D:5      | Found a radiant altar of Vehumet.
  3170 | D:5      | Reached skill level 8 in Axes
  3201 | D:5      | Found an iron altar of Okawaru.
  3201 | D:5      | Found a sacrificial altar of Ru.
  3392 | D:5      | Reached *** piety under Trog
  3423 | D:5      | Reached XP level 8. HP: 65/70 MP: 7/7
  3597 | D:5      | Found a basalt altar of Yredelemnul.
  3715 | D:5      | Reached skill level 9 in Axes
  3722 | D:5      | Killed AverageBear's ghost
  4296 | D:6      | Noticed Menkaure
  4302 | D:6      | Killed Menkaure
  4303 | D:6      | Reached XP level 9. HP: 79/79 MP: 8/8
  4476 | D:6      | Reached skill level 10 in Axes
  4909 | D:6      | Found a shadowy altar of Dithmenos.
  4909 | D:6      | Found a sparkling altar of Nemelex Xobeh.
  4917 | D:6      | Found a glowing golden altar of the Shining One.
  4919 | D:6      | Found a snail-covered altar of Cheibriados.
  4921 | D:6      | Found a faded altar of an unknown god.
  5042 | D:7      | Killed from afar by an orc priest

Illustrated notes

Levels and vault maps discovered:
D:1:      kennysheep_arrival_forest, layout_rooms, grunt_decor_arrowhead
D:2:      layout_basic, basic_ecumenical_altar, minmay_misc_feat_columns,
          uniq_sigmund
D:3:      layout_loops_cross, nicolae_gozag_seed_capital,
          nicolae_qazlal_beasts_of_the_sky
D:4:      layout_basic, minmay_temple_entry_junction, uniq_crazy_yiuf_cottage
D:5:      layout_basic, lemuel_mausoleum_altar_yredelemnul, lemuel_round_altar,
          nicolae_overflow_two_pavilions, ebering_ghost_sewer_d,
          minmay_guarded_unrand_staff_of_olgreb
D:6:      layout_basic, chequers_temple_overflow_minitemple, bh_walls_and_bars,
          uniq_menkaure
D:7:      layout_cave_pools, nicolae_concentric_dashed_squares_wild,
          grunt_ministairs_14, serial_bayou_lagoon_b

Skill      XL: |  1  2  3  4  5  6  7  8  9 |
---------------+----------------------------+-----
Axes           | 4 5 6 8 9 10 | 10.6
Fighting       | 4 5 6 7 8 |  8.0
Ranged Weapons | 1 3 4 6 7 8 |  8.8
Armour         | |  2.4
Dodging        | |  2.1

Action                     |  1- 3 |  4- 6 |  7- 9 || total
---------------------------+-------+-------+-------++-------
  Melee: Hand axe          |    44 |       |       ||    44
         Headbutt          |     6 |    10 |    31 ||    47
         Quarterstaff      |     5 |       |       ||     5
         Halberd           |       |    51 |       ||    51
         War axe           |       |     4 |    81 ||    85
         Punch             |       |       |     2 ||     2
         Flail             |       |       |    70 ||    70
   Fire: Sling             |    14 |    49 |    72 ||   135
  Throw: Dart              |       |     2 |       ||     2
 Invoke: Berserk           |     1 |     2 |     3 ||     6
         Trog's Hand       |       |     2 |     4 ||     6
  Evoke: Wand              |       |       |     2 ||     2
    Use: Scroll            |     1 |     4 |     4 ||     9
 Armour: Animal skin       |     9 |       |       ||     9
         Chain mail        |    15 |    47 |    89 ||   151
  Dodge: Dodged            |    28 |    43 |    96 ||   167
